 Dungeon Crawl Stone Soup version 0.20-a0-544-g2b9a704 (webtiles) character file.

1402 Kidiri the Thaumaturge (level 8, -9/43 HPs)
             Began as a Deep Elf Fire Elementalist on Jan 31, 2017.
             Killed by miscasting Fireball (32 damage)
             ... on level 4 of the Dungeon.
             The game lasted 00:17:52 (6058 turns).

Kidiri the Thaumaturge (Deep Elf Fire Elementalist) Turns: 6058, Time: 00:17:53

Health: -9/43      AC:  3    Str:  5    XL:     8   Next: 42%
Magic:  13/22      EV: 12    Int: 23    God:
Gold:   185        SH:  0    Dex: 15    Spells: 1/24 levels left

rFire    . . .     SeeInvis .   d - +1 dagger
rCold    . . .     Gourm    .   a - +1 robe
rNeg     + . .     Faith    .   (no shield)
rPois    .         Spirit   .   (no helmet)
rElec    .         Reflect  .   (no cloak)
rCorr    .         Harm     .   (no gloves)
MR       .....                  (no boots)
Stlth    ++........             (no amulet)
Regen    0.2/turn               (no ring)
                                e - ring of positive energy

@: very slightly contaminated, heavily drained
A: evolution 1
a: no special abilities


You were on level 4 of the Dungeon.
You were not hungry.

You visited 2 branches of the dungeon, and saw 6 of its levels.
You also visited: Sewer.

You collected 185 gold pieces.

Inventory:

Hand Weapons
 d - a +1 dagger (weapon)
Armour
 a - a +1 robe (worn)
Jewellery
 b - an uncursed amulet of harm
 e - a ring of positive energy (left hand)
Wands
 n - a wand of acid (0/15)
Scrolls
 i - 6 scrolls of remove curse
 m - a scroll of immolation
 p - 4 scrolls of teleportation
Potions
 f - 3 potions of curing
 g - 3 potions of brilliance {unknown}
 h - a potion of haste
 j - a potion of might
 l - 2 potions of magic {unknown}
 o - 3 potions of flight {unknown}
 q - a potion of berserk rage
 t - a potion of cure mutation {unknown}
 x - a potion of lignification {unknown}
Books
 w - a book of Air

   Spells                             Type                      Level
   a - Shock                          Conjuration/Air              1
   b - Swiftness                      Charms/Air                   2
   c - Repel Missiles                 Charms/Air                   2
   d - Static Discharge               Conjuration/Air              3
   e - Lightning Bolt                 Conjuration/Air              5
Comestibles
 c - 3 bread rations
 s - 7 fruits
 u - a meat ration


   Skills:
 + Level 1.4(0.0) Fighting
 + Level 2.1(0.5) Short Blades
 + Level 1.9(0.3) Armour
 + Level 3.6(1.9) Dodging
 - Level 2.4(0.7) Stealth
 * Level 8.5(6.6) Spellcasting
 + Level 4.6(2.9) Conjurations
 + Level 5.7(3.9) Fire Magic
 + Level 1.1(0.0) Air Magic
 + Level 2.6(1.0) Evocations


You had one spell level left.
You knew the following spells:

 Your Spells              Type           Power        Failure   Level  Hunger
a - Flame Tongue          Conj/Fire      ###..        1%          1    None
b - Throw Flame           Conj/Fire      ###...       2%          2    None
c - Conjure Flame         Conj/Fire      ###.....     8%          3    None
d - Inner Flame           Hex/Fire       ###.....     12%         3    None
e - Sticky Flame          Conj/Fire      ###.....     21%         4    ###....
f - Fireball              Conj/Fire      ###.......   58%         5    #####..
g - Lightning Bolt        Conj/Air       ##........   95%         5    #####..


Dungeon Overview and Level Annotations

Branches:
Dungeon (5/15)             Temple (1/1) D:5

Altars:
Ashenzari
Dithmenos
Elyvilon
Fedhas
Hepliaklqana
Kikubaaqudgha
Nemelex Xobeh
Okawaru
Qazlal
Ru
Sif Muna
Trog
Uskayaw
Xom
Yredelemnul
Zin
The Shining One

Shops:
D:4 :


Innate Abilities, Weirdness & Mutations

You evolve.


Message History

Beogh smites you! The orc hits you with a flail!
Casting: Flame Tongue
Confirm with . or Enter, or press ? or * to list all spells.
Aiming: Flame Tongue
Press: ? - help, Shift-Dir - straight line, f/p - orc
Aim: an orc, wielding a flail and wearing a leather armour (heavily wounded)
The flame tongue hits the orc.
You kill the orc!
Unknown command.
Casting: Flame Tongue
Confirm with . or Enter, or press ? or * to list all spells.
The spell is very dangerous to cast!
Continue anyway?
Aiming: Fireball
Press: ? - help, Shift-Dir - straight line, f - orc
Aim: an orc, wielding a club and wearing a scale mail You miscast Fireball.
You are very lightly contaminated with residual magic.
You are blasted with magical energy!
Ouch! That really hurt!
You die...

...## #...# ##..# ##§§§ ....#
#...##### #.># ##..§ ..[.#
#.......# ###.########§§§
....#####.......# #.........##§§§
......))#.......# #.........##§§§
...#.##.#....##.# #.........#####
####.##)#...o##.###....<....#≈...
#.##....o................#####
##.####......)@[..........##..§
#.........................##.§§
#######...................##..§
####................##§§§
#................##§..
#................#####
#......(........?#####
#.......########...... #.......#
#######


You could see an orc priest and an orc.

Vanquished Creatures
  Sigmund (D:2)
  The ghost of psellion the Caller, an amateur DESu (D:4)
  Edmund (D:5)
  Purgy (Sewer)
  An ice beast (D:5)
  An eye of draining (D:5)
  A big kobold (D:4)
  A scorpion (D:5)
  2 howler monkeys (D:5)
  A bullfrog zombie (D:5)
  2 hounds
  2 orc wizards
  A centaur skeleton (D:5)
  A jelly (D:5)
  Terence (D:2)
  2 worker ants (D:4)
  A hound skeleton (D:4)
  3 gnolls
  8 adders
  An ooze (D:3)
  6 worms
  2 dart slugs (D:1)
  14 orcs
  5 giant cockroaches (D:3)
  5 goblins
  8 hobgoblins
  22 kobolds
  2 quokkas
  6 ball pythons
  8 bats
  6 frilled lizards
  5 rats
  A plant (D:4)
123 creatures vanquished.

Vanquished Creatures (others)
  A worker ant (D:4)
  A quokka (D:5)
2 creatures vanquished.

Grand Total: 125 creatures vanquished

Notes
Turn   | Place    | Note
-------+----------+-------------------------------------------
     0 | D:1      | Kidiri the Deep Elf Fire Elementalist began the quest for the Orb.
     0 | D:1      | Reached XP level 1. HP: 10/10 MP: 6/6
   421 | D:1      | Reached XP level 2. HP: 15/15 MP: 2/8
   425 | D:1      | Learned a level 2 spell: Throw Flame
   700 | D:1      | Reached skill level 4 in Spellcasting
  1348 | D:2      | Reached XP level 3. HP: 19/19 MP: 5/10
  1353 | D:2      | Learned a level 3 spell: Conjure Flame
  1357 | D:2      | Learned a level 3 spell: Inner Flame
  1387 | D:2      | Noticed Sigmund
  1557 | D:2      | Noticed Terence
  1649 | D:2      | Killed Terence
  1823 | D:2      | Reached skill level 5 in Spellcasting
  1960 | D:2      | Reached XP level 4. HP: 24/24 MP: 10/13
  1966 | D:2      | Learned a level 4 spell: Sticky Flame
  2578 | D:3      | Found a glowing drain.
  2589 | Sewer    | Entered a sewer
  2719 | Sewer    | Noticed Purgy
  2724 | Sewer    | Killed Purgy
  2724 | Sewer    | Reached skill level 6 in Spellcasting
  2724 | Sewer    | Reached XP level 5. HP: 22/28 MP: 4/15
  3544 | D:2      | Killed Sigmund
  3544 | D:2      | Reached skill level 7 in Spellcasting
  3544 | D:2      | Reached skill level 5 in Fire Magic
  3544 | D:2      | Reached XP level 6. HP: 19/32 MP: 1/18
  3673 | D:2      | Learned a level 5 spell: Fireball
  3910 | D:4      | Found Nung's Book Emporium.
  3911 | D:4      | Noticed psellion's ghost (amateur DESu)
  3930 | D:4      | Killed psellion's ghost
  3930 | D:4      | Reached skill level 1 in Evocations
  3930 | D:4      | Reached XP level 7. HP: 25/37 MP: 4/19
  4139 | D:4      | Found an iron altar of Okawaru.
  4141 | D:4      | Reached skill level 1 in Armour
  4143 | D:4      | Reached skill level 1 in Short Blades
  4524 | D:4      | Found a sparkling altar of Nemelex Xobeh.
  4578 | D:4      | Reached skill level 1 in Fighting
  4819 | D:5      | Entered Level 5 of the Dungeon
  4845 | D:5      | Found a hazy altar of Hepliaklqana.
  4976 | D:5      | Reached skill level 8 in Spellcasting
  4976 | D:5      | Reached XP level 8. HP: 36/43 MP: 13/22
  5086 | D:5      | Learned a level 5 spell: Lightning Bolt
  5336 | D:5      | Found a white marble altar of Elyvilon.
  5352 | D:5      | Noticed Edmund
  5368 | D:5      | Killed Edmund
  5381 | D:5      | Reached skill level 1 in Air Magic
  5593 | D:5      | Gained mutation: You evolve. [potion of beneficial mutation]
  5608 | D:5      | Found a staircase to the Ecumenical Temple.
  5622 | Temple   | Entered the Ecumenical Temple
  6058 | D:4      | Killed by miscasting Fireball

Vault maps used:
D:1:      kilobyte_arrival_exit_the_forest
D:2:      uniq_terence, uniq_sigmund
D:3:      portal_sewer_entry_e
D:4:      kennysheep_kobold_camp, nemelex_altar_shiori, okawaru_gym_becter,
          serial_shops, nicolae_shop_behind_doors
D:5:      elyvilon_altar_4, kennysheep_little_box,
          minmay_temple_entry_large_hall, first_bread, feat_on_display,
          uniq_edmund
Temple:   dshaligram_water_room_temple
Sewer:    sewer_co_purgy_island

Skill      XL: |  1  2  3  4  5  6  7  8 |
---------------+-------------------------+-----
Spellcasting   | 4 5 6 7 8 |  8.5
Conjurations   | 2 3 4 |  4.6
Fire Magic     | 4 5 |  5.7
Evocations     | 1 2 |  2.6
Armour         | 1 |  1.9
Short Blades   | 1 2 |  2.1
Fighting       | 1 |  1.4
Dodging        | 3 |  3.6
Air Magic      | 1 |  1.1
Stealth        | |  2.4

Action                   |  1- 3 |  4- 6 |  7- 9 || total
-------------------------+-------+-------+-------++-------
Melee: Dagger            |    16 |    13 |    29 ||    58
 Cast: Flame Tongue      |    37 |    52 |    73 ||   162
       Throw Flame       |    14 |    29 |    30 ||    73
       Conjure Flame     |     2 |     4 |       ||     6
       Sticky Flame      |       |     3 |     6 ||     9
       Inner Flame       |       |     1 |       ||     1
       Fireball          |       |       |     3 ||     3
Evoke: Wand              |       |     1 |     2 ||     3
  Use: Scroll            |     4 |     7 |     4 ||    15
       Potion            |     1 |       |     5 ||     6
 Stab: Sleeping          |     2 |       |       ||     2
  Eat: Chunk             |     2 |     3 |     4 ||     9
       Royal jelly       |     1 |     1 |       ||     2
       Meat ration       |       |     1 |       ||     1
Armor: Robe              |     7 |     4 |    10 ||    21
Dodge: Dodged            |    20 |    15 |    39 ||    74
